Unix NetHack Version 3.7.0-65 Work-in-progress - last build Sep 26 2022 05:48:34 (a9070be95fe145525c880ceec589f5104d392f49,branch:master). Game began 2022-09-29 06:58:29, ended 2022-09-29 08:37:14. RaijinKnight, chaotic female elven Wizard ------ ...... -..... ..--.........---..- -..--.....- .................[.|.--...).[^..-- ............................--...... ....... --.......>.(.-- --..#- .....[.... --.- -.(.. .)|.-- ..| -- .-|.... ..-- .. --... .-.@-----------.--------..... ..^.a......................... --..--------..<.-------........ |....- |....| ..). ---.|. --...| ..- --- ----- RaijinKnight the Thaumaturge St:25 Dx:13 Co:15 In:20 Wi:14 Ch:8 Chaotic S:5633 Dlvl:7 $:707 HP:0(51) Pw:1(53) AC:8 Xp:7/1144 T:3969 Latest messages: You step onto a level teleport trap! You feel a wrenching sensation. The hobbit shoots a rock! You are hit by a rock. The large cat picks up an empty broken chest. You kill the hobbit! There are several objects here. There are several objects here. You are enveloped in a cloud of gas! You swap places with your large cat. You swap places with your large cat. You swap places with your large cat. The jaguar suddenly falls asleep! You hit the jaguar! In what direction? 8 The spell hits the jaguar! You kill the jaguar! You descend the stairs. A lit field surrounds you! You feel like someone is helping you. You are carrying too much to get through. A soldier ant suddenly appears next to you! You hit the soldier ant! The soldier ant bites! The soldier ant stings! You kill the soldier ant! You sense the presence of monsters. (For instructions type a '?') You hit the soldier ant! The soldier ant bites! The soldier ant stings! You hear some noises in the distance. The soldier ant bites! The soldier ant stings! In what direction? 3 The spell hits the soldier ant! You kill the soldier ant! In what direction? . You feel better. You see here a soldier ant corpse. The soldier ant bites! The soldier ant stings! The soldier ant bites! The soldier ant stings! In what direction? 3 The spell hits the soldier ant! The soldier ant bites! The soldier ant stings! You die... Do you want your possessions identified? [ynq] (y) q Inventory: Coins $ - 707 gold pieces Amulets P - an uncursed amulet of guarding O - an uncursed amulet of strangulation Weapons W - a blessed +2 dagger R - a blessed +0 dagger (weapon in hand) M - 2 +0 daggers t - 2 +0 elven daggers Armor D - an uncursed +0 pair of gauntlets of power (being worn) b - an uncursed +0 cloak of magic resistance (being worn) Comestibles A - an uncursed slime mold p - 4 uncursed food rations Z - 2 uncursed tripe rations Scrolls i - an uncursed scroll of create monster q - an uncursed scroll of identify w - a cursed scroll of identify G - an uncursed scroll of light m - an uncursed scroll of remove curse C - a cursed scroll of teleportation Spellbooks L - an uncursed spellbook of invisibility B - an uncursed spellbook of teleport away Potions f - an uncursed potion of blindness J - an uncursed potion of blindness h - 2 uncursed potions of booze s - a blessed potion of gain energy y - an uncursed potion of monster detection E - an uncursed potion of object detection N - a cursed potion of see invisible Q - a blessed potion of sleeping g - an uncursed potion of sleeping l - an uncursed potion of water Rings x - an uncursed +3 ring of adornment a - a cursed -1 ring of increase damage d - an uncursed ring of shock resistance e - an uncursed ring of stealth z - an uncursed ring of warning Wands H - a wand of cold (0:4) I - a wand of make invisible (0:7) u - a wand of sleep (0:6) c - a wand of speed monster (0:3) S - a wand of striking (0:3) Tools n - a magic marker (0:98) Gems/Stones j - an uncursed worthless piece of white glass RaijinKnight the Wizard's attributes: Background: You were a Thaumaturge, a level 7 female elven Wizard. You were chaotic, on a mission for Anhur who was opposed by Ptah (lawful) and Thoth (neutral). You were in the Gnomish Mines, on level 7. You entered the dungeon 3969 turns ago. You had 1144 experience points, 136 more were needed to attain level 8. Your score was 5633 before end-of-game adjustments. Basics: You had 0 out of 51 hit points. You had 1 out of 53 energy points (spell power). Your armor class was 8. Your wallet contained 707 zorkmids. Autopickup was off. Final Characteristics: Your strength was 25 (base:8, peak:9, innate limit:18). Your dexterity was 13 (limit:18). Your constitution was 15 (limit:16). Your intelligence was 20 (limit:20). Your wisdom was 14 (limit:20). Your charisma was 8 (limit:18). Final Status: You were not hungry. You were unencumbered. You were wielding a dagger. You were skilled in dagger. Final Attributes: You were piously aligned. You were magic-protected. You were sleep resistant. You had infravision. You were warded. You were fast. You are dead. Miscellaneous: You never encountered a bones level. Total elapsed playing time was 1 hour, 38 minutes and 45 seconds. Major events: Turn 1: RaijinKnight the chaotic female elven Wizard entered the dungeon 638: attained the rank of Conjurer (level 3) 1134: entered the Gnomish Mines 1973: attained the rank of Thaumaturge (level 6) 2119: reached Mine Town 3969: killed by a soldier ant Vanquished creatures: 2 small mimics a watchman a giant beetle an owlbear a dog a jaguar a blue jelly 2 soldier ants a Mordor orc a fog cloud 9 gnome leaders 3 gnomish wizards a kobold mummy 3 elf zombies 4 giant ants a little dog a floating eye 9 dwarves a homunculus a kobold shaman 3 hill orcs a rabid rat 2 giant bats 5 orc zombies 2 dwarf zombies a wererat 2 iguanas an acid blob 2 coyotes 5 hobbits a hobgoblin 2 giant rats a green mold 24 gnomes a gnome zombie 3 jackals a fox 3 goblins 3 sewer rats 4 grid bugs 2 bats 8 newts 122 creatures vanquished. No species were genocided or became extinct. Voluntary challenges: You read items or engraved 16 times. You engraved Elbereth 3 times. You never genocided any monsters. You never polymorphed an object. You never changed form. You used no wishes. Achievements: You attained the rank of Conjurer. You entered the Gnomish Mines. You entered a shop. You attained the rank of Thaumaturge. You entered Minetown. You entered a temple. The Dungeons of Doom: levels 1 to 7 Level 1: Level 2: Some fountains, a sink. Level 3: "StashHere" A sink. Level 4: Stairs down to The Gnomish Mines. Level 5: "StashHere" A health food store, an altar, a fountain. Level 6: A fountain. Level 7: The Gnomish Mines: levels 5 to 8 Level 5: Level 6: Level 7: <- You were here. Final resting place for you, killed by a soldier ant. Level 8: Many shops, a temple, some fountains. Game over: ---------- / \ / REST \ / IN \ / PEACE \ / \ | RaijinKnight | | 707 Au | | killed by a | | soldier ant | | | | | | 2022 | *| * * * | * _________)/\\_//(\/(/\)/\//\/|_)_______ Goodbye RaijinKnight the Wizard... You died in The Gnomish Mines on dungeon level 7 with 5563 points, and 707 pieces of gold, after 3969 moves. You were level 7 with a maximum of 51 hit points when you died.